GCL
COLORADO (GCL) ROCKIES @ PHILADELPHIA (GCL) PHILLIES
08/09/2099
 
TOP OF THE 1ST
Colorado (GCL) Rockies batting - Pitching for Philadelphia (GCL) Phillies : LHP Jim Coffey
Pitching: LHP Jim Coffey
Batting: LHB Ruben Barajas 0-0: Ball
1-0: Called Strike
1-1: Foul Ball, location: 2F
1-2: Foul Ball, location: 23FF
1-2: TRIPLE (Flyball, 8LXD, EV 105.0 MPH)
Batting: LHB Dave Plungis 0-0: Fly out, F8 (Flyball, 8RD, EV 104.4 MPH)
Runner from 3rd tags up, OUT at HOME! 8-2
Batting: RHB Jeremy Johnson 0-0: Ball
1-0: Ball
2-0: Ball
3-0: Base on Balls
Batting: RHB Steve Townsend 0-0: Swinging Strike
0-1: Called Strike
0-2: Ball
1-2: Hit by Pitch
Jeremy Johnson to second
Batting: RHB John Ballantyne 0-0: Called Strike
0-1: Swinging Strike
0-2: SINGLE (Line Drive, 9LS, EV 98.8 MPH)
Jeremy Johnson to third
Steve Townsend to second
Runner from 3rd tries for Home, SAFE, throw by RF to home
Batting: RHB Edgar Caban 0-0: Ball
1-0: Swinging Strike
1-1: SINGLE (Groundball, 4D, EV 110.0 MPH)
Steve Townsend to third
John Ballantyne to second
Runner from 3rd tries for Home, SAFE, throw by RF to home
Batting: RHB Tony Puac 0-0: Swinging Strike
0-1: Ball
1-1: Called Strike
1-2: Foul Ball, location: 3F
1-2: Strikes out swinging
Top of the 1st over - 2 runs, 3 hits, 0 errors, 2 left on base; Colorado (GCL) 2 - Philadelphia (GCL) 0
BOTTOM OF THE 1ST
Philadelphia (GCL) Phillies batting - Pitching for Colorado (GCL) Rockies : LHP Jordan Acosta
Pitching: LHP Jordan Acosta
Batting: RHB Kory Niette 0-0: Called Strike
0-1: Called Strike
0-2: Foul Ball, location: 9LMF
0-2: Ball
1-2: Ball
2-2: Foul Ball, location: 3SF
2-2: Ball
3-2: Fly out, F8 (Line Drive, 8LD, EV 75.0 MPH)
Batting: RHB Jose Cossio 0-0: Called Strike
0-1: Ball
1-1: Swinging Strike
1-2: DOUBLE (Line Drive, 7LS, EV 96.9 MPH)
Batting: RHB Sergio Juarez 0-0: Ball
1-0: Swinging Strike
1-1: Ball
2-1: Foul Ball, location: 23F
2-2: Ball
3-2: Foul Ball, location: 2F
3-2: Base on Balls
Batting: RHB Kevin Mizerak 0-0: Fly out, F8 (Flyball, 8RD, EV 88.1 MPH)
Runner from 2nd tags up, SAFE at 3rd with throw by CF
Batting: RHB Jose Rosales 0-0: Called Strike
0-1: Swinging Strike
0-2: Ball
1-2: SINGLE (Groundball, 13, EV 66.9 MPH) (infield hit)
Jose Cossio scores
Sergio Juarez to second
Batting: LHB Jesus Saenz 0-0: Called Strike
0-1: Ball
1-1: Ball
2-1: Foul Ball, location: 9LMFF
2-2: Fielders Choice at 2nd, 5-4 (Groundball, 56, EV 78.1 MPH)
Bottom of the 1st over - 1 run, 2 hits, 0 errors, 2 left on base; Colorado (GCL) 2 - Philadelphia (GCL) 1
TOP OF THE 2ND
Colorado (GCL) Rockies batting - Pitching for Philadelphia (GCL) Phillies : LHP Jim Coffey
Batting: RHB Andy Granadoz 0-0: Ball
1-0: Called Strike
1-1: Ball
2-1: SINGLE (Groundball, 56D, EV 95.0 MPH)
Batting: RHB Pippo Bottello 0-0: Ball
1-0: Bunted foul
1-1: Bunted foul
1-2: Strikes out swinging
Batting: LHB Ruben Barajas 0-0: SINGLE (Groundball, 6D, EV 105.0 MPH)
Andy Granadoz to second
Batting: LHB Dave Plungis 0-0: Swinging Strike
0-1: SINGLE (Line Drive, 8LS, EV 105.6 MPH)
Andy Granadoz to third
Ruben Barajas to second
Runner from 3rd tries for Home, SAFE, throw by CF to home
Batting: RHB Jeremy Johnson 0-0: SINGLE (Line Drive, 8RS, EV 102.5 MPH)
Ruben Barajas to third
Dave Plungis to second
Runner from 3rd tries for Home, SAFE, throw by CF to home
Batting: RHB Steve Townsend 0-0: Called Strike
0-1: Swinging Strike
0-2: Ball
1-2: Ball
2-2: Foul Ball, location: 9LSF
2-2: Fly out, F8 (Flyball, 8RD, EV 103.1 MPH)
Batting: RHB John Ballantyne 0-0: Called Strike
0-1: Swinging Strike
0-2: Strikes out swinging
Top of the 2nd over - 2 runs, 4 hits, 0 errors, 2 left on base; Colorado (GCL) 4 - Philadelphia (GCL) 1
BOTTOM OF THE 2ND
Philadelphia (GCL) Phillies batting - Pitching for Colorado (GCL) Rockies : LHP Jordan Acosta
Batting: RHB Fernando Avila 0-0: Ball
1-0: Called Strike
1-1: Foul Ball, location: 9LSF
1-2: Fly out, F7 (Flyball, 7, EV 89.4 MPH)
Batting: SHB Aaron Williams 0-0: Called Strike
0-1: Foul Ball, location: 3FF
0-2: Ball
1-2: Strikes out swinging
Batting: RHB Sal Torres 0-0: Ball
1-0: Foul Ball, location: 23F
1-1: Swinging Strike
1-2: Foul Ball, location: 5FF
1-2: Strikes out swinging
Bottom of the 2nd over - 0 runs, 0 hits, 0 errors, 0 left on base; Colorado (GCL) 4 - Philadelphia (GCL) 1
TOP OF THE 3RD
Colorado (GCL) Rockies batting - Pitching for Philadelphia (GCL) Phillies : LHP Jim Coffey
Batting: RHB Edgar Caban 0-0: Ball
1-0: Called Strike
1-1: Swinging Strike
1-2: Ball
2-2: Foul Ball, location: 5F
2-2: Ball
3-2: Strikes out swinging, 2-3 out at first.
Batting: RHB Tony Puac 0-0: Foul Ball, location: 3SF
0-1: Ball
1-1: Swinging Strike
1-2: Ball
2-2: Foul Ball, location: 9LMF
2-2: Foul Ball, location: 2F
2-2: Strikes out swinging, 2-3 out at first.
Batting: RHB Andy Granadoz 0-0: Ball
1-0: Called Strike
1-1: Swinging Strike
1-2: Foul Ball, location: 5FF
1-2: Fly out, F7 (Flyball, 7S, EV 89.4 MPH)
Top of the 3rd over - 0 runs, 0 hits, 0 errors, 0 left on base; Colorado (GCL) 4 - Philadelphia (GCL) 1
BOTTOM OF THE 3RD
Philadelphia (GCL) Phillies batting - Pitching for Colorado (GCL) Rockies : LHP Jordan Acosta
Batting: RHB Kory Niette 0-0: Ball
1-0: Called Strike
1-1: Ball
2-1: Called Strike
2-2: Strikes out looking
Batting: RHB Jose Cossio 0-0: Ball
1-0: Called Strike
1-1: Ball
2-1: SINGLE (Flyball, 7LS, EV 85.6 MPH)
Batting: RHB Sergio Juarez 0-0: Ball
Jose Cossio steals 2nd base
1-0: Foul Ball, location: 9LDF
1-1: Ball
2-1: Ball
3-1: Base on Balls
Batting: RHB Kevin Mizerak 0-0: Called Strike
0-1: Fly out, F6 (Line Drive, 6, EV 75.6 MPH)
Batting: RHB Jose Rosales 0-0: Called Strike
0-1: Fielders Choice at 2nd, 6-4 (Groundball, 6, EV 85.0 MPH)
Bottom of the 3rd over - 0 runs, 1 hit, 0 errors, 2 left on base; Colorado (GCL) 4 - Philadelphia (GCL) 1
TOP OF THE 4TH
Colorado (GCL) Rockies batting - Pitching for Philadelphia (GCL) Phillies : LHP Jim Coffey
Batting: RHB Pippo Bottello 0-0: Fly out, F9 (Flyball, 9D, EV 101.9 MPH)
Batting: LHB Ruben Barajas 0-0: Called Strike
0-1: Called Strike
0-2: Strikes out swinging
Batting: LHB Dave Plungis 0-0: Ball
1-0: Ball
2-0: Ball
3-0: Base on Balls
Batting: RHB Jeremy Johnson 0-0: Fly out, F8 (Flyball, 89M, EV 86.9 MPH)
Top of the 4th over - 0 runs, 0 hits, 0 errors, 1 left on base; Colorado (GCL) 4 - Philadelphia (GCL) 1
BOTTOM OF THE 4TH
Philadelphia (GCL) Phillies batting - Pitching for Colorado (GCL) Rockies : LHP Jordan Acosta
Batting: LHB Jesus Saenz 0-0: Ball
1-0: Called Strike
1-1: Called Strike
1-2: Ball
2-2: Ground out U3 (Groundball, 3, EV 106.3 MPH)
Batting: RHB Fernando Avila 0-0: Swinging Strike
0-1: Called Strike
0-2: Ground out 6-3 (Groundball, 6, EV 102.5 MPH)
Batting: SHB Aaron Williams 0-0: Called Strike
0-1: Called Strike
0-2: Ball
1-2: Foul Ball, location: 9LSF
1-2: Foul Ball, location: 2F
1-2: Strikes out swinging
Bottom of the 4th over - 0 runs, 0 hits, 0 errors, 0 left on base; Colorado (GCL) 4 - Philadelphia (GCL) 1
TOP OF THE 5TH
Colorado (GCL) Rockies batting - Pitching for Philadelphia (GCL) Phillies : LHP Jim Coffey
Batting: RHB Steve Townsend 0-0: Swinging Strike
0-1: Ball
1-1: Ground out 6-3 (Groundball, 56, EV 106.3 MPH)
Batting: RHB John Ballantyne 0-0: Ball
1-0: Called Strike
1-1: Called Strike
1-2: Foul Ball, location: 5FF
1-2: Ball
2-2: SINGLE (Line Drive, 8LS, EV 104.4 MPH)
Batting: RHB Edgar Caban 0-0: Ball
1-0: Called Strike
1-1: Foul Ball, location: 2F
1-2: Strikes out swinging
Pitching: LHP Travis Willett
Batting: RHB Tony Puac 0-0: Ball
1-0: Fly out, F8 (Flyball, 89M, EV 97.5 MPH)
Top of the 5th over - 0 runs, 1 hit, 0 errors, 1 left on base; Colorado (GCL) 4 - Philadelphia (GCL) 1
BOTTOM OF THE 5TH
Philadelphia (GCL) Phillies batting - Pitching for Colorado (GCL) Rockies : LHP Jordan Acosta
Batting: RHB Sal Torres 0-0: Called Strike
0-1: Ball
1-1: Swinging Strike
1-2: SOLO HOME RUN (Flyball, 7D, EV 98.1 MPH), Distance : 369 ft
Pitching: RHP Javier Estrada
Batting: RHB Kory Niette 0-0: Called Strike
0-1: Foul Ball, location: 2F
0-2: Foul Ball, location: 9LSF
0-2: Ball
1-2: Ball
2-2: Foul Ball, location: 5F
2-2: Strikes out swinging
Batting: RHB Jose Cossio 0-0: Called Strike
0-1: Called Strike
0-2: Foul Ball, location: 2F
0-2: Ball
1-2: Ball
2-2: SINGLE (Line Drive, 56, EV 106.3 MPH)
Pinch Hitting: RHB Bryan Kauffman 0-0: Grounds into double play, 5-4-3 (Groundball, 56S, EV 79.4 MPH)
Bottom of the 5th over - 1 run, 2 hits, 0 errors, 0 left on base; Colorado (GCL) 4 - Philadelphia (GCL) 2
TOP OF THE 6TH
Colorado (GCL) Rockies batting - Pitching for Philadelphia (GCL) Phillies : LHP Travis Willett
Now in LF: Bryan Kauffman
Batting: RHB Andy Granadoz 0-0: Called Strike
0-1: Ball
1-1: Foul Ball, location: 3F
1-2: Fly out, F4 (Popup, 4MS, EV 79.4 MPH)
Batting: RHB Pippo Bottello 0-0: Ball
1-0: Swinging Strike
1-1: Ball
2-1: Foul Ball, location: 9LSF
2-2: Foul Ball, location: 9LDF
2-2: Strikes out swinging
Batting: LHB Ruben Barajas 0-0: Ball
1-0: Ground out 1-3 (Groundball, 13S, EV 73.1 MPH)
Top of the 6th over - 0 runs, 0 hits, 0 errors, 0 left on base; Colorado (GCL) 4 - Philadelphia (GCL) 2
BOTTOM OF THE 6TH
Philadelphia (GCL) Phillies batting - Pitching for Colorado (GCL) Rockies : RHP Javier Estrada
Batting: RHB Kevin Mizerak 0-0: Ball
1-0: Fly out, F7 (Flyball, 7LD, EV 105.6 MPH)
Batting: RHB Jose Rosales 0-0: Ground out U3 (Groundball, 3, EV 106.9 MPH)
Batting: LHB Jesus Saenz 0-0: Ball
1-0: Called Strike
1-1: Ball
2-1: Ball
3-1: Swinging Strike
3-2: Strikes out looking
Bottom of the 6th over - 0 runs, 0 hits, 0 errors, 0 left on base; Colorado (GCL) 4 - Philadelphia (GCL) 2
TOP OF THE 7TH
Colorado (GCL) Rockies batting - Pitching for Philadelphia (GCL) Phillies : LHP Travis Willett
Pitching: RHP Kevin Vercher
Batting: LHB Dave Plungis 0-0: Ball
1-0: Ball
2-0: Called Strike
2-1: SINGLE (Groundball, 4MD, EV 96.3 MPH)
Batting: RHB Jeremy Johnson 0-0: Ground out 5-3 (Groundball, 5S, EV 66.3 MPH)
Dave Plungis to second
Batting: RHB Steve Townsend 0-0: Foul Ball, location: 2F
0-1: Fly out, F5 (Popup, 56, EV 56.3 MPH)
Batting: RHB John Ballantyne 0-0: Ball
1-0: SINGLE (Line Drive, 78S, EV 98.1 MPH)
Dave Plungis to third
Runner from 3rd tries for Home, SAFE, throw by LF to home
Batting: RHB Edgar Caban 0-0: Ball
1-0: Called Strike
1-1: SINGLE (Groundball, 4D, EV 110.0 MPH)
John Ballantyne to second
Runner from 2nd tries for 3rd, SAFE, throw by RF made to third
Batting: RHB Tony Puac 0-0: Ball
1-0: Foul Ball, location: 9LSF
1-1: Ball
2-1: Foul Ball, location: 2F
2-2: Fly out, F7 (Flyball, 7, EV 96.3 MPH)
Top of the 7th over - 1 run, 3 hits, 0 errors, 2 left on base; Colorado (GCL) 5 - Philadelphia (GCL) 2
BOTTOM OF THE 7TH
Philadelphia (GCL) Phillies batting - Pitching for Colorado (GCL) Rockies : RHP Javier Estrada
Pinch Hitting: RHB Terry Jackson 0-0: Fly out, F4 (Popup, 4S, EV 74.4 MPH)
Batting: SHB Aaron Williams 0-0: Called Strike
0-1: Ball
1-1: Swinging Strike
1-2: Strikes out swinging passed ball, reaches first!
Pinch Hitting: RHB Juan Cruz 0-0: Called Strike
0-1: Foul Ball, location: 2F
0-2: Ball
1-2: Ball
2-2: Ball
3-2: Foul Ball, location: 3F
3-2: Grounds into double play, 4-6-3 (Groundball, 4, EV 80.6 MPH)
Bottom of the 7th over - 0 runs, 0 hits, 0 errors, 0 left on base; Colorado (GCL) 5 - Philadelphia (GCL) 2
TOP OF THE 8TH
Colorado (GCL) Rockies batting - Pitching for Philadelphia (GCL) Phillies : RHP Kevin Vercher
Now at 2B: Terry Jackson
Now at SS: Herb Duerksen
Batting: RHB Andy Granadoz 0-0: Foul Ball, location: 9LSF
0-1: Ball
1-1: Ball
2-1: Foul Ball, location: 2F
2-2: Foul Ball, location: 7LSF
2-2: Strikes out swinging
Batting: RHB Pippo Bottello 0-0: Called Strike
0-1: Foul Ball, location: 3F
0-2: Ball
1-2: DOUBLE (Line Drive, 7LS, EV 101.3 MPH)
Pitching: RHP Alex Troncoso
Batting: LHB Ruben Barajas 0-0: Ground out 6-3 (Groundball, 4M, EV 88.1 MPH)
Pippo Bottello to third
Batting: LHB Dave Plungis 0-0: Called Strike
0-1: Swinging Strike
0-2: Strikes out swinging
Top of the 8th over - 0 runs, 1 hit, 0 errors, 1 left on base; Colorado (GCL) 5 - Philadelphia (GCL) 2
BOTTOM OF THE 8TH
Philadelphia (GCL) Phillies batting - Pitching for Colorado (GCL) Rockies : RHP Javier Estrada
Pitching: RHP Juan Alvidrez
Pinch Hitting: LHB Jose Ortiz 0-0: Ball
1-0: Ball
2-0: Ball
3-0: Called Strike
3-1: Foul Ball, location: 3F
3-2: Fly out, F6 (Popup, 4MS, EV 62.5 MPH)
Batting: RHB Jose Cossio 0-0: Swinging Strike
0-1: Called Strike
0-2: Foul Ball, location: 7LMF
0-2: Ball
1-2: Strikes out swinging
Batting: RHB Bryan Kauffman 0-0: Ball
1-0: Ball
2-0: Ball
3-0: Called Strike
3-1: Fly out, F8 (Line Drive, 8RM, EV 87.5 MPH)
Bottom of the 8th over - 0 runs, 0 hits, 0 errors, 0 left on base; Colorado (GCL) 5 - Philadelphia (GCL) 2
TOP OF THE 9TH
Colorado (GCL) Rockies batting - Pitching for Philadelphia (GCL) Phillies : RHP Alex Troncoso
Now at 1B: Jose Ortiz
Pinch Hitting: RHB Juan Vargas 0-0: Ball
1-0: Ball
2-0: Swinging Strike
2-1: Fly out, F8 (Flyball, 8RM, EV 93.8 MPH)
Batting: RHB Steve Townsend 0-0: Foul Ball, location: 23FF
0-1: Ball
1-1: Foul Ball, location: 9LMF
1-2: Foul Ball, location: 2F
1-2: Ground out 5-3 (Groundball, 5, EV 98.1 MPH)
Batting: RHB John Ballantyne 0-0: Called Strike
0-1: Called Strike
0-2: Ball
1-2: Foul Ball, location: 9LMF
1-2: Foul Ball, location: 9LDF
1-2: Foul Ball, location: 7LDF
1-2: Strikes out looking
Top of the 9th over - 0 runs, 0 hits, 0 errors, 0 left on base; Colorado (GCL) 5 - Philadelphia (GCL) 2
BOTTOM OF THE 9TH
Philadelphia (GCL) Phillies batting - Pitching for Colorado (GCL) Rockies : RHP Juan Alvidrez
Now at 2B: Juan Vargas
Now at 3B: Roger Cienega
Batting: RHB Danny Hammerschmidt 0-0: Foul Ball, location: 9LDF
0-1: Ball
1-1: SINGLE (Line Drive, 8RS, EV 94.4 MPH)
Pinch Hitting: LHB Matt Nordhagen 0-0: Foul Ball, location: 9LSF
0-1: Foul Ball, location: 2F
0-2: Foul Ball, location: 5SF
0-2: Ball
1-2: Foul Ball, location: 2F
1-2: Foul Ball, location: 9LDF
1-2: Grounds into double play, 4-6-3 (Groundball, 4, EV 82.5 MPH)
Pinch Hitting: LHB Steve Dukich 0-0: Called Strike
0-1: Ball
1-1: Called Strike
1-2: Foul Ball, location: 3F
1-2: SINGLE (Line Drive, 9S, EV 98.1 MPH)
Pitching: RHP MaurĂ­cio Loureno
Batting: RHB Terry Jackson 0-0: Ball
1-0: Ball
2-0: Foul Ball, location: 9LDF
2-1: Ball
3-1: Fielders Choice at 2nd, U4 (Groundball, 4M, EV 101.3 MPH)
Bottom of the 9th over - 0 runs, 2 hits, 0 errors, 1 left on base; Colorado (GCL) 5 - Philadelphia (GCL) 2
Tuesday, May 14th , 2024 - OOTP Baseball 24.11 Build 85